 Dungeon Crawl Stone Soup version 0.31.0-2-g5a2aebc5c2 (webtiles) character file.

Game seed: 16620260659231979692

204704 tilp the Severer (level 18, -20/172 HPs)
             Began as a Minotaur Berserker on Jan 21, 2024.
             Was a High Priest of Trog.
             Killed from afar by a merfolk aquamancer (23 damage)
             ... with a torrent of water
             ... on level 2 of the Shoals.
             The game lasted 00:47:10 (30428 turns).

tilp the Severer (Minotaur Berserker)              Turns: 30428, Time: 00:47:11

Health: -20/172    AC: 30    Str: 30    XL:     18   Next: 39%
Magic:  17/17      EV: 16    Int:  4    God:    Trog [*****.]
Gold:   1279       SH:  0    Dex: 18    Spells: 17/17 levels left

rFire   + . .        a - +8 frozen axe "Frostbite" {freeze, freezing cloud, *Noise Fly rC+}
rCold   + + .        (shield currently unavailable)
rNeg    . . .        D - +2 plate armour {rC+}
rPois   .            (helmet restricted)
rElec   +            J - +2 cloak
rCorr   .            V - +2 pair of gloves "Heopsauts" {rElec rF+ Dex+2}
SInv    .            F - +2 pair of boots {Stlth+}
Will    ++...        X - amulet of regeneration Stlth
                     i - +6 ring of dexterity
HPRegen 1.28/turn    E - ring of willpower
MPRegen 0.15/turn

%: no passive effects
@: flying
A: horns 2, retaliatory headbutt, MP-powered wands
a: Renounce Religion, Berserk, Trog's Hand, Brothers in Arms


You were on level 2 of the Shoals.
You worshipped Trog.
Trog was extremely pleased with you.
You visited 5 branches of the dungeon, and saw 27 of its levels.
You visited the Abyss 1 time.
You also visited: Ice Cave.

You collected 2722 gold pieces.
You spent 1443 gold pieces at shops.

Inventory:

Hand Weapons
 a - the +8 frozen axe "Frostbite" (weapon) {freeze, freezing cloud, *Noise Fly rC+}
   (You found it in an ice cave)

   rC+:       It protects you from cold.
   Fly:       It grants you flight.
   *Noise:    It may make a loud noise when swung.
 b - a +3 broad axe of freezing
 O - a +3 scimitar of flaming
Missiles
 k - 40 poisoned darts
 n - 33 boomerangs (quivered)
 t - 3 throwing nets
 z - 5 silver javelins
 G - 3 javelins
 S - 7 atropa-tipped darts
 U - 6 datura-tipped darts
Armour
 f - +0 ice dragon scales
 u - a +0 buckler
 D - a +2 plate armour of cold resistance (worn)
 F - a +2 pair of boots of stealth (worn)
 J - a +2 cloak (worn)
 V - the +2 pair of gloves "Heopsauts" (worn) {rElec rF+ Dex+2}
   (You acquired it on level 12 of the Dungeon)

   Dex+2:     It affects your dexterity (+2).
   rF+:       It protects you from fire.
   rElec:     It insulates you from electricity.
Jewellery
 i - a +6 ring of dexterity (left hand)
 E - a ring of willpower (right hand)
 X - an amulet of regeneration (around neck)
Wands
 g - a wand of paralysis (13)
 l - a wand of roots (23)
 p - a wand of digging (26)
 v - a wand of flame (55)
 A - a wand of polymorph (7)
 C - a wand of light (30)
 W - a wand of mindburst (2)
Scrolls
 d - 7 scrolls of immolation
 e - 10 scrolls of teleportation
 j - 2 scrolls of vulnerability
 o - 6 scrolls of revelation
 r - 4 scrolls of fog
 s - a scroll of summoning
 y - a scroll of enchant armour
 I - 3 scrolls of poison
 K - a scroll of torment
 N - 2 scrolls of fear
 P - 8 scrolls of identify
 Q - a scroll of silence
 Z - a scroll of blinking
Potions
 c - 11 potions of curing
 h - 7 potions of lignification
 m - 2 potions of mutation
 q - a potion of berserk rage
 w - 3 potions of attraction
 x - 4 potions of resistance
 B - 6 potions of heal wounds
 H - 3 potions of cancellation
 L - a potion of magic
 M - 3 potions of haste
 R - 2 potions of invisibility
 T - 2 potions of enlightenment
 Y - a potion of might


   Skills:
 + Level 18.1 Fighting
 * Level 18.7 Axes
 - Level 8.4 Throwing
 + Level 15.7 Armour
 + Level 15.2 Dodging
 - Level 4.0 Stealth
 - Level 8.0 Shields
 - Level 12.0 Evocations


You had 17 spell levels left.
You didn't know any spells.
Your spell library was empty.

Dungeon Overview and Level Annotations

Branches:
Dungeon (15/15)            Temple (0/1) D:4            Lair (5/5) D:10
 Shoals (3/4) Lair:2        Snake (0/4) Lair:2        Slime (0/5) Lair:4
    Orc (2/2) D:10            Elf (2/3) Orc:2        Vaults (0/5) D:14
 Depths (0/4) D:15          IceCv (visited)

Altars:
Cheibriados
Elyvilon
Kikubaaqudgha
Qazlal
Uskayaw
Vehumet
Xom
Yredelemnul
The Shining One

Shops:
Orc:1 *   Orc:2 (![   Elf:1 (

Annotations:
D:15 invis dig vault
Elf:2 5 runed translucent doors


Innate Abilities, Weirdness & Mutations

You have a pair of horns on your head.
You reflexively headbutt those who attack you in melee.
You expend magic power (3 MP) to strengthen your wands.


Message History

* * * LOW HITPOINT WARNING * * *
The satyr shoots an arrow.
The arrow hits you but does no damage.
The merfolk throws a boomerang.
The boomerang hits you.
* * * LOW HITPOINT WARNING * * *
The merfolk aquamancer gestures at you while chanting.
The torrent of water hits you.
* * * LOW HITPOINT WARNING * * *
You are knocked back by the torrent of water.
The wave splashes down.
The merfolk attacks as it pursues you!
The merfolk hits you from afar with a +0 trident!
* * * LOW HITPOINT WARNING * * *
You hear a shout! x3
The satyr shoots an arrow.
The arrow barely misses you.
The alligator snapping turtle attacks as it pursues you!
The alligator snapping turtle closely misses you.
There is a stone staircase leading up here.
Unknown command.
The merfolk hits you from afar with a +0 trident!
* * * LOW HITPOINT WARNING * * *
The merfolk barely misses you.
The merfolk aquamancer hits you with a +0 rapier!
* * * LOW HITPOINT WARNING * * *
The alligator snapping turtle bites you from afar!!
* * * LOW HITPOINT WARNING * * *
You fly upwards.
There is a stone staircase leading down here.
Unknown command.
You slash the merfolk aquamancer! You freeze the merfolk aquamancer.
You headbutt the merfolk aquamancer!
The merfolk aquamancer is heavily wounded.
The merfolk aquamancer points at you and mumbles some strange words.
The shard of ice hits you! You partially resist.
* * * LOW HITPOINT WARNING * * *
Unknown command.
You barely miss the merfolk aquamancer.
You headbutt the merfolk aquamancer, but do no damage.
The merfolk aquamancer is heavily wounded.
The merfolk aquamancer casts a spell at you.
The torrent of water hits you!!
You die...

~~~~P~≈≈≈≈≈≈≈~~~~..##...~~≈≈≈≈≈≈~
~~~~~P~≈≈≈~~~..~...##.~~~~≈≈≈≈≈≈~
~~~P~~~≈≈≈~~P....##..~~~~~~~~~~~~
~~~..~~~P~~.P....###.~~~~~~~~~~~~
....#P..~~~P.#######.~~~.~....~~~
########.~P....)###.~~~~~.......~
# #.P~..~~~~.....~....###...
#..~.~~.~m..#......## ####
####.~......@.####....# # #
#....~........# #..####### ##
#.......####..# ##..# #..## .#
##.....## #.####...# #...#
.#####....## ##........# #...#
...PP......####......~..# ##...#
~~.P.........#..........###....#
...P........##..........##....##
..~..........#..........##...##


You could see a merfolk aquamancer.

Vanquished Creatures
  Jorgrun (Orc:1)
  Polyphemus (Shoals:2)
  Roxanne (D:14)
  A revenant (Abyss:2)
  2 frost giants (IceCv)
  A balrug (Abyss:2)
  A deep elf sorcerer (Elf:2)
  An orc warlord (Orc:1)
  2 deep elf death magi
  Nessos (Lair:3)
  A white draconian (IceCv)
  Azrael (D:13)
  A fire dragon (Lair:5)
  A merfolk javelineer (Shoals:1)
  2 merfolk impalers (Shoals:2)
  Josephine (D:10)
  Erolcha (Orc:2)
  A vault guard (D:14)
  8 ice dragons (IceCv)
  5 hydras
  4 ironbound frosthearts (IceCv)
  6 two-headed ogres
  2 catoblepae
  A boulder beetle (Lair:4)
  5 centaur warriors
  3 merfolk aquamancers
  13 dancing weapons
  A tengu warrior (D:14)
  8 death yaks
  A shock serpent (shapeshifter) (D:8)
  A vampire mage (D:15)
  5 orc high priests (Orc:2)
  12 deep elf knights
  6 skeletal warriors (D:15)
  4 skysharks
  4 sea snakes
  A swamp dragon (Lair:5)
  The ghost of t4s4d4r the Trooper, a novice OnHs of Vehumet (D:5)
  9 deep elf archers
  A necromancer (D:15)
  A shadow demon (Abyss:2)
  An orange crystal statue (IceCv)
  The ghost of EnegeticOcto the Cleaver, a novice MiFi of Cheibriados (D:6)
  18 deep elf pyromancers
  10 orc sorcerers
  14 deep elf zephyrmancers
  2 wolf spiders (Lair:5)
  12 harpies
  27 ugly things
  An oklob plant (Lair:3)
  Maurice (D:9)
  3 cyclopes
  7 manticores
  A faun (Shoals:2)
  2 kobold blastminers (Orc:2)
  2 guardian serpents
  A worldbinder (Abyss:2)
  16 black mambas
  6 elephants (Lair:5)
  A large abomination (Abyss:2)
  2 merfolk sirens
  A gargoyle (D:13)
  2 water nymphs
  17 cane toads
  A torpor snail (Lair:5)
  Maggie (D:8)
  5 yaktaurs (D:14)
  12 rime drakes
  An ice statue (Elf:2)
  12 komodo dragons
  2 efreet
  A freezing wraith (D:15)
  A kobold demonologist (D:10)
  20 merfolk
  3 hornets
  2 wind drakes (Shoals:2)
  12 polar bears
  10 trolls
  7 raiju (Abyss:2)
  A blink frog (shapeshifter) (D:14)
  A harpy skeleton (Abyss:2)
  A spriggan zombie (D:15)
  5 blink frogs (Lair:4)
  8 snapping turtles
  6 dream sheep (Lair:4)
  2 spriggan skeletons (D:15)
  13 water elementals
  2 centaur simulacra
  16 wyverns
  48 yaks
  5 air elementals
  8 wraiths
  4 fire elementals
  6 hogs (D:14)
  8 wargs
  A neqoxec (Abyss:2)
  3 redbacks (Lair:5)
  2 basilisks
  5 steam dragons
  7 vampire mosquitoes
  2 nagas (Lair:2)
  7 acid dragons
  26 water moccasins
  4 hell hounds (D:13)
  A water moccasin (shapeshifter) (D:13)
  A sky beast (D:8)
  16 orc warriors
  2 swamp drakes (Lair:5)
  5 black bears
  7 laughing skulls
  3 ice beasts
  A black bear (shapeshifter) (D:14)
  5 ogres
  13 centaurs
  28 wolves
  A phantom (D:5)
  4 kobold brigands
  13 bullfrogs
  3 gnoll sergeants
  2 scorpions
  A small abomination (Abyss:2)
  11 wights
  10 killer bees
  7 electric eels
  3 howler monkeys
  A bombardier beetle (D:7)
  4 hounds
  2 gnoll boudas
  28 orc priests
  2 jellies
  4 sleepcaps
  16 orc wizards
  5 iguanas
  21 gnolls
  5 adders
  A shadow imp (D:8)
  A white imp (D:6)
  2 ufetubi (Abyss:2)
  4 dart slugs
  2 ribbon worms
  78 orcs
  5 endoplasms
  5 giant cockroaches
  12 hobgoblins
  6 quokkas
  9 ball pythons
  4 bats
  4 frilled lizards (D:2)
  8 goblins
  18 kobolds
  9 rats
945 creatures vanquished.

Vanquished Creatures (collateral kills)
  Kirke (D:14)
  2 hydras (Lair:3)
  A centaur warrior (D:14)
  A cane toad (Lair:3)
  A polar bear (Lair:3)
  A warg (Orc:2)
  A bullfrog (Lair:3)
  2 orc priests (Orc:2)
  An orc (Orc:2)
11 creatures vanquished.

Vanquished Creatures (others)
  A water elemental (Shoals:3)
  An orc priest (Orc:2)
  An orc (Orc:2)
  4 starspawn tentacles (Abyss:2)
7 creatures vanquished.

Grand Total: 963 creatures vanquished

Notes
Turn   | Place    | Note
-------+----------+-------------------------------------------
     0 | D:1      | tilp the Minotaur Berserker began the quest for the Orb.
     0 | D:1      | Reached XP level 1. HP: 19/19 MP: 0/0
   282 | D:1      | Reached XP level 2. HP: 27/27 MP: 1/1
   829 | D:1      | Reached XP level 3. HP: 30/33 MP: 2/2
  1137 | D:2      | Reached skill level 1 in Stealth
  1175 | D:2      | Found an ancient bone altar of Kikubaaqudgha.
  1213 | D:2      | Reached ** piety under Trog
  1236 | D:2      | Reached XP level 4. HP: 23/40 MP: 3/3
  1484 | D:2      | Identified the +3 spear of Lies {drain, rElec rC+ rN++
                  | Int+3}
  1585 | D:2      | Found a faded altar of an unknown god.
  1851 | D:2      | Reached skill level 5 in Axes
  1883 | D:2      | Identified the +1 sling of Veacviabb {flame, Dex+4}
  2520 | D:3      | Reached *** piety under Trog
  2805 | D:4      | Reached XP level 5. HP: 39/47 MP: 4/4
  2829 | D:4      | Identified the +10 dagger "Widowmaker" {venom, rPois rN+}
  2920 | D:4      | Noticed a two-headed ogre
  2927 | D:4      | Killed a two-headed ogre
  2928 | D:4      | Reached skill level 5 in Fighting
  2928 | D:4      | Reached XP level 6. HP: 56/56 MP: 5/5
  2928 | D:4      | Reached XP level 7. HP: 60/61 MP: 6/6
  2994 | D:4      | Found a basalt altar of Yredelemnul.
  3127 | D:4      | Found a staircase to the Ecumenical Temple.
  3604 | D:5      | Entered Level 5 of the Dungeon
  3816 | D:5      | Identified the +2 robe "Voguku" {rN+ Str+4}
  3862 | D:5      | Reached XP level 8. HP: 70/70 MP: 7/7
  3903 | D:5      | Reached skill level 1 in Throwing
  3903 | D:5      | Reached skill level 5 in Dodging
  3910 | D:5      | Found a snail-covered altar of Cheibriados.
  3911 | D:5      | Found a radiant altar of Vehumet.
  3911 | D:5      | Found a stormy altar of Qazlal.
  3912 | D:5      | Found a hide-covered altar of Uskayaw.
  3942 | D:5      | Found a runed translucent door.
  3943 | D:5      | Noticed t4s4d4r's ghost (novice OnHs)
  4492 | D:6      | Noticed EnegeticOcto's ghost (novice MiFi)
  4498 | D:6      | Found a runed translucent gate.
  4498 | D:6      | Found a runed translucent gate.
  4501 | D:6      | Found a runed translucent gate.
  4674 | D:6      | Reached **** piety under Trog
  4766 | D:6      | Reached skill level 5 in Armour
  5540 | D:7      | Reached XP level 9. HP: 76/78 MP: 8/8
  6103 | D:7      | Found a shimmering altar of Xom.
  6104 | D:7      | Found a shimmering altar of Xom.
  6104 | D:7      | Found a shimmering altar of Xom.
  6231 | D:7      | Reached skill level 10 in Axes
  6918 | D:8      | Noticed a troll
  6923 | D:8      | Killed a troll
  7074 | D:8      | Reached XP level 10. HP: 78/88 MP: 9/9
  7587 | D:8      | Noticed Maggie
  7593 | D:8      | Killed Maggie
  7628 | D:8      | a hog changed into a shock serpent
  7628 | D:8      | Noticed a shock serpent (shapeshifter)
  7636 | D:8      | Killed a shock serpent
  7770 | D:8      | Reached skill level 15 in Axes
  7925 | D:8      | Noticed a red ugly thing
  7934 | D:8      | Noticed a purple ugly thing
  7937 | D:8      | Killed a red ugly thing
  7943 | D:8      | Killed a purple ugly thing
  7944 | D:8      | Reached XP level 11. HP: 50/94 MP: 10/10
  9061 | D:10     | Entered Level 10 of the Dungeon
  9061 | D:10     | Noticed Maurice
  9063 | D:10     | Noticed Josephine
  9070 | D:10     | Something stole a +6 ring of dexterity
  9073 | D:9      | Something stole 3 throwing nets
  9078 | D:9      | Something stole a +3 battleaxe
  9081 | D:9      | Something stole 241 gold
  9082 | D:9      | Killed Maurice
  9289 | D:10     | Killed Josephine
  9429 | D:10     | Reached ***** piety under Trog
  9553 | D:10     | Noticed a two-headed ogre
  9558 | D:10     | Killed a two-headed ogre
  9563 | D:10     | Noticed a two-headed ogre
  9573 | D:10     | Killed a two-headed ogre
  9574 | D:10     | Reached skill level 1 in Shields
  9715 | D:10     | Found a staircase to the Lair.
  9785 | D:10     | Reached XP level 12. HP: 83/103 MP: 11/11
  9942 | D:10     | Found a staircase to the Orcish Mines.
 10083 | D:11     | Noticed a two-headed ogre
 10093 | D:11     | Killed a two-headed ogre
 10174 | D:11     | Noticed a two-headed ogre
 10179 | D:11     | Killed a two-headed ogre
 10457 | D:11     | Reached skill level 5 in Evocations
 10772 | Lair:1   | Entered Level 1 of the Lair of Beasts
 11915 | Lair:2   | Reached skill level 10 in Fighting
 12230 | Lair:2   | Received a gift from Trog
 12271 | Lair:2   | Found a staircase to the Shoals.
 12597 | Lair:2   | Found a staircase to the Snake Pit.
 12693 | Lair:2   | Reached XP level 13. HP: 102/114 MP: 12/12
 13516 | Lair:3   | Noticed Nessos
 13525 | Lair:3   | Killed Nessos
 14646 | Lair:4   | Reached skill level 10 in Armour
 14648 | Lair:4   | Reached skill level 10 in Dodging
 15064 | Lair:4   | Found a staircase to the Slime Pits.
 15571 | Lair:5   | Entered Level 5 of the Lair of Beasts
 15668 | Lair:5   | Reached XP level 14. HP: 30/126 MP: 13/13
 16185 | Lair:5   | Reached skill level 5 in Throwing
 16417 | Lair:5   | Identified the +4 long sword of Replumn {flame, ^Drain Fly
                  | SInv}
 16612 | Lair:5   | Received a gift from Trog
 19121 | D:12     | Identified a scroll of acquirement
 19121 | D:12     | Acquired the +2 pair of gloves "Heopsauts" {rElec rF+
                  | Dex+2}
 19200 | Orc:1    | Entered Level 1 of the Orcish Mines
 19219 | Orc:1    | Noticed an orc warlord
 19233 | Orc:1    | Killed an orc warlord
 19296 | Orc:1    | Found Boabul's Overcharged Wands.
 19343 | Orc:1    | Noticed Jorgrun
 19362 | Orc:1    | Killed Jorgrun
 19562 | Orc:2    | Entered Level 2 of the Orcish Mines
 19562 | Orc:2    | Found a staircase to the Elven Halls.
 19878 | Orc:2    | Received a gift from Trog
 20063 | Orc:2    | Gained mutation: You expend magic power (3 MP) to
                  | strengthen your wands. [a neqoxec]
 20457 | Orc:2    | Noticed Erolcha
 20460 | Abyss:2  | Cast into level 2 of the Abyss (Erolcha)
 20469 | Abyss:2  | Found a sparkling altar of Nemelex Xobeh.
 20514 | Abyss:2  | Noticed a balrug
 20525 | Abyss:2  | Killed a balrug
 20526 | Abyss:2  | Reached XP level 15. HP: 133/133 MP: 14/14
 20557 | Abyss:2  | Noticed a bone dragon
 20570 | Abyss:2  | Noticed a tentacled starspawn
 20652 | Abyss:2  | Noticed a revenant
 20659 | Abyss:2  | Killed a revenant
 20793 | Orc:2    | Escaped the Abyss
 20798 | Orc:2    | Killed Erolcha
 20818 | Orc:2    | Found Kuikloz's Weapon Boutique.
 20980 | Orc:2    | Found Nuushrer's Antique Armour Boutique.
 20985 | Orc:2    | Reached skill level 10 in Evocations
 20997 | Orc:2    | Found Keaki's Distillery.
 21559 | Orc:2    | Bought a potion of experience for 750 gold pieces
 21559 | Orc:2    | Reached XP level 16. HP: 147/147 MP: 15/15
 21601 | Orc:1    | Bought a wand of digging (11) for 693 gold pieces
 21812 | D:13     | Received a gift from Trog
 22284 | D:13     | Noticed Azrael
 22294 | D:13     | Killed Azrael
 22295 | D:13     | Reached skill level 15 in Fighting
 22597 | D:14     | Noticed Roxanne
 22597 | D:14     | Noticed Kirke
 22843 | D:14     | Found a white marble altar of Elyvilon.
 23064 | D:14     | Killed Kirke
 23523 | D:14     | Found a glowing golden altar of the Shining One.
 23621 | D:14     | Found a gate to the Vaults.
 23622 | D:14     | Found the +9 sword of Zonguldrok {reap}
 23859 | D:15     | Entered Level 15 of the Dungeon
 24030 | D:15     | Found a staircase to the Depths.
 24050 | D:15     | Reached skill level 5 in Shields
 24689 | D:14     | Killed Roxanne
 24802 | Elf:1    | Entered Level 1 of the Elven Halls
 24814 | Elf:1    | Reached XP level 17. HP: 134/157 MP: 16/16
 24925 | Elf:1    | Received a gift from Trog
 25096 | Elf:1    | Found Tealas's Weapon Shop.
 26050 | Elf:2    | Found a glacial archway.
 26086 | IceCv    | Entered an ice cave
 26754 | IceCv    | Found the +8 frozen axe "Frostbite" {freeze, freezing
                  | cloud, *Noise Fly rC+}
 27348 | Elf:2    | Paralysed by an air elemental for 1 turns
 27359 | Elf:2    | Identified the +3 great mace of Zeaximass {venom, rF++
                  | rCorr Int-5}
 27371 | Elf:2    | Reached ****** piety under Trog
 27378 | Elf:2    | Received a gift from Trog
 27665 | Elf:2    | Found a huge runed translucent gate.
 27665 | Elf:2    | Found a huge runed translucent gate.
 27665 | Elf:2    | Found a huge runed translucent gate.
 27665 | Elf:2    | Found a huge runed translucent gate.
 27665 | Elf:2    | Found a huge runed translucent gate.
 28192 | D:5      | Killed t4s4d4r's ghost
 28193 | D:5      | Reached skill level 15 in Armour
 28272 | D:6      | Killed EnegeticOcto's ghost
 28483 | Shoals:1 | Entered Level 1 of the Shoals
 28567 | Shoals:1 | Reached XP level 18. HP: 149/170 MP: 17/17
 28937 | Shoals:1 | Received a gift from Trog
 29394 | Shoals:2 | Noticed Polyphemus
 29405 | Shoals:2 | Reached skill level 15 in Dodging
 29411 | Shoals:2 | Killed Polyphemus
 30427 | Shoals:2 | HP: 1/172 [merfolk aquamancer/shard of ice (13)]
 30428 | Shoals:2 | Killed from afar by a merfolk aquamancer

Illustrated notes

Levels and vault maps discovered:
D:1:      minmay_arrival_jagged, layout_basic, minmay_hedge_maze,
          grunt_decor_cap, minmay_misc_feat_nine_boxes, serial_bayou_lake_a
D:2:      minmay_razor_zed, layout_rooms, shapermc_ecumenical_altar_mp_vishouse,
          basic_altar
D:3:      layout_basic
D:4:      layout_loops_ring, yredelemnul_altar_generic,
          minmay_temple_entry_fiery
D:5:      layout_basic, chequers_temple_overflow_statue_of_worship,
          ebering_ghost_reflecting_pool
D:6:      layout_loops_ring, gammafunk_ghost_split, hangedman_decor_riveting,
          minmay_gold_behind_fungi
D:7:      layout_loops_corners, xom_shifter_show
D:8:      layout_rooms, minmay_pinched_square, uniq_maggie
D:9:      layout_basic, minivault_14
D:10:     minmay_spotlight, layout_cave_pools, due_lair_maze_entry_diamond,
          uniq_josephine, uniq_maurice
D:11:     layout_small_grid
D:12:     layout_rooms
D:13:     layout_roguey, uniq_azrael
D:14:     layout_long_grid, david_vaults_4, lemuel_doored_altar,
          tso_oasis_becter, uniq_roxanne, uniq_kirke
D:15:     gammafunk_depths_entry_grave, layout_loops_ring, nrook_mini_vaults,
          due_unseen_surprise
Lair:1:   beast_lair_carwin_large_4, layout_chaotic_city, grunt_megastairs_3
Lair:2:   layout_misc_corridors, minmay_shoals_entry_centaurs,
          guppyfry_snake_entry_garden
Lair:3:   layout_small_grid, serial_bayou, serial_bayou_pond_a,
          serial_bayou_crossing, serial_bayou_pond_a, serial_bayou_lagoon_b,
          minmay_lair_oklob_items, uniq_nessos
Lair:4:   layout_misc_corridors, slime_entry_1, serial_bayou,
          serial_bayou_shore_a, serial_bayou_ford_a, serial_bayou_pond_c,
          serial_bayou_lagoon_a, serial_bayou_pond_b
Lair:5:   hangedman_lair_tendril_chambers, layout_long_grid,
          guppyfry_lair_end_dragon
Shoals:1: layout_shoals
Shoals:2: layout_shoals, uniq_polyphemus
Shoals:3: layout_shoals, uniq_mara
Orc:1:    layout_diamond_mine, basic_altar, nicolae_shop_overcharged_wands,
          uniq_jorgrun
Orc:2:    st_orc_town, layout_caves, uniq_erolcha
Elf:1:    layout_loops_corners, serial_shops, shop, nicolae_elf_crossing_hall,
          lemuel_upstairs_altar
Elf:2:    elven_hall_of_blades_hangedman_alternative [nicolae_blade_bullseye],
          layout_loops_ring, portal_ice_cave_entry_ice_statue_one

Skill      XL: |  1  2  3  4  5  6  7  8  9 10 11 12 13 14 15 16 17 18 |
---------------+-------------------------------------------------------+-----
Axes           | 4 5 7 8 11 15 18 | 18.7
Fighting       | 4 5 6 8 10 12 13 14 15 17 18 | 18.1
Stealth        | 1 2 4 |  4.0
Dodging        | 3 4 5 6 8 10 11 12 14 15 | 15.2
Armour         | 4 5 8 10 12 15 | 15.7
Evocations     | 2 3 4 6 8 9 10 12 | 12.0
Throwing       | 2 4 7 8 |  8.4
Shields        | 2 4 6 8 |  8.0

Action                     |  1- 3 |  4- 6 |  7- 9 | 10-12 | 13-15 | 16-18 || total
---------------------------+-------+-------+-------+-------+-------+-------++-------
  Melee: Hand axe          |    62 |    50 |       |       |       |       ||   112
         Headbutt          |    11 |    15 |    40 |   106 |   179 |   228 ||   579
         Punch             |     1 |     1 |       |       |       |       ||     2
         Broad axe         |       |    31 |   205 |   483 |   784 |   562 ||  2065
         Scimitar          |       |       |       |       |       |     9 ||     9
         Executioner's axe |       |       |       |       |       |   263 ||   263
  Throw: Boomerang         |       |       |       |       |    16 |     5 ||    21
         Dart              |       |       |       |       |     2 |       ||     2
 Invoke: Berserk           |       |     2 |     5 |     8 |    10 |    11 ||    36
         Trog's Hand       |       |       |     2 |     2 |     4 |     3 ||    11
         Brothers in Arms  |       |       |       |       |     6 |     2 ||     8
  Evoke: Wand              |       |       |       |     2 |    11 |       ||    13
    Use: Scroll            |       |     7 |     7 |     4 |    15 |     5 ||    38
         Potion            |       |       |       |       |     6 |       ||     6
 Armour: Animal skin       |    11 |       |       |       |       |       ||    11
         Ring mail         |    18 |    20 |       |       |       |       ||    38
         Chain mail        |       |    32 |   132 |    43 |       |       ||   207
         Plate armour      |       |       |       |   296 |   547 |   803 ||  1646
         Skin              |       |       |       |       |    11 |       ||    11
  Dodge: Dodged            |    36 |    43 |    93 |   172 |   379 |   475 ||  1198
  Block: Buckler           |       |       |    36 |    94 |   156 |   138 ||   424
